AoeStats
← Jupi-yoo

Arena

510395088Analyzed
2v2 RM · 15h ago on Sep 30, 2026· 52m 40s· 4 players
Game mode
Random Map
Map size
Medium (4 player)
Population
200
Speed
Normal
Resources
Standard
Victory
Conquest
Starting age
Dark Age
Ending age
Imperial Age
RankedLock teamsTeams togetherTeam positionsShared explorationLock speedFull tech treeHidden civsTurbo modeCheats
Victory
Defeat
🇫🇷 Vietnamese · France
667
+19
🇫🇷 Japanese · France
642
+20
🇮🇳 Goths · India
741
-20
🇹🇷 Khmer · Türkiye
724
-19
House of Huns
mehmet.eroztoprak
5:15 Loom
12:51 Feudal Age
20:37 Castle Age
18:47 Horse Collar
19:04 Gold Mining
19:01 Double-Bit Axe
19:48 Scale Barding Armor
21:12 Forging
23:18 Chain Barding Armor
24:38 Heavy Plow
25:30 Husbandry
29:12 Iron Casting
33:37 Imperial Age
32:33 Stone Mining
33:56 Murder Holes
34:24 Ballistics
33:55 Heated Shot
35:54 Cavalier
44:30 Double Crossbow
43:51 Elite Ballista Elephant
Jupi-yoo
2:00 Loom
3:02 Loom
3:29 Loom
12:12 Feudal Age
12:55 Double-Bit Axe
12:57 Horse Collar
18:24 Man-at-Arms
18:51 Arson
20:22 Forging
20:14 Scale Mail Armor
20:34 Town Watch
21:35 Wheelbarrow
21:24 Fletching
25:48 Castle Age
27:37 Iron Casting
27:01 Bodkin Arrow
27:09 Padded Archer Armor
29:03 Bow Saw
28:58 Heavy Plow
28:52 Gold Mining
30:58 Chain Mail Armor
37:37 Imperial Age
36:36 Town Patrol
36:51 Hand Cart
36:37 Stone Mining
40:30 Conscription
42:42 Kataparuto
47:41 Elite Samurai
52:34 Two-Man Saw
52:22 Gold Shaft Mining
52:49 Blast Furnace
51:51 Bracer
52:22 Plate Mail Armor
52:08 Leather Archer Armor
52:27 Coinage
51:58 Caravan
Mich_LDDG
2:17 Loom
13:10 Feudal Age
13:37 Horse Collar
13:46 Double-Bit Axe
13:59 Gold Mining
14:04 Stone Mining
20:04 Fletching
20:16 Padded Archer Armor
21:17 Wheelbarrow
26:27 Castle Age
26:23 Town Watch
28:44 Crossbowman
29:45 Scale Barding Armor
29:52 Forging
30:22 Bow Saw
30:31 Heavy Plow
36:26 Chatras
38:11 Chain Barding Armor
38:27 Iron Casting
39:59 Thumb Ring
41:11 Hand Cart
45:54 Imperial Age
44:10 Husbandry
45:01 Ballistics
47:34 Chemistry
52:13 Plate Barding Armor
51:34 Bodkin Arrow
51:55 Leather Archer Armor
51:04 Arbalester
53:47 Hoardings
Connection lost

Rejoining the realm…

Still unreachable

The connection could not be restored.

Session expired

The server has moved on; the page needs a fresh start.